 Dungeon Crawl Stone Soup version 0.20.1-1-g8b1a95d (webtiles) character file.

1393 letownia2 the Reanimator (level 8, -2/64 HPs)
             Began as a Deep Dwarf Necromancer on Nov 2, 2017.
             Killed from afar by an electric eel (10 damage)
             ... with a bolt of electricity
             ... on level 7 of the Dungeon.
             The game lasted 00:10:36 (4440 turns).

letownia2 the Reanimator (Deep Dwarf Necromancer)   Turns: 4440, Time: 00:10:37

Health: -2/64      AC:  6    Str: 16    XL:     8   Next: 41%
Magic:  12/15      EV: 12    Int: 15    God:
Gold:   207        SH:  0    Dex: 22    Spells: 12/16 levels left

rFire    . . .     SeeInvis .   a - +8 mace of Karma {crush, rC+ rN+ Dex+9 Stlth-}
rCold    + . .     Gourm    .   (no shield)
rNeg     + + .     Faith    .   I - +1 ring mail of Defiance {rPois MR+ Str+3 Int-2}
rPois    +         Spirit   .   (no helmet)
rElec    .         Reflect  .   m - scarf {repulsion}
rCorr    .         Harm     .   (no gloves)
MR       ++...                  (no boots)
Stlth    +.........             (no amulet)
Regen    0.0/turn               u - ring of positive energy
MPRegen  0.2/turn               (no ring)

@: non-regenerating, repel missiles
A: damage resistance, heal wounds, sense surroundings 1, no regeneration
a: Heal Wounds


You were on level 7 of the Dungeon.
You were not hungry.

You visited 1 branch of the dungeon, and saw 7 of its levels.

You collected 207 gold pieces.

Inventory:

Hand Weapons
 a - the +8 mace of Karma (weapon) {crush, rC+ rN+ Dex+9 Stlth-}
   (You found it on level 6 of the Dungeon)

   It inflicts extra damage upon your enemies.
   It affects your dexterity (+9).
   It protects you from cold.
   It protects you from negative energy.
   It makes you less stealthy.
 x - a +0 war axe
 E - a +0 dagger
Missiles
 f - 3 silver javelins (quivered)
 p - 52 poisoned needles
 w - 4 steel tomahawks
Armour
 g - a +0 scale mail
 m - a scarf of repulsion (worn)
 q - a +0 leather armour
 r - a +0 ring mail
 I - the +1 ring mail of Defiance (worn) {rPois MR+ Str+3 Int-2}
   (You found it on level 7 of the Dungeon)

   It affects your strength (+3).
   It affects your intelligence (-2).
   It protects you from poison.
   It affects your resistance to hostile enchantments.
Jewellery
 u - a ring of positive energy (left hand)
Wands
 B - a wand of lightning (4/15)
 D - a wand of lightning (3/15)
 G - a wand of lightning (4/15)
 H - a wand of acid (2/15)
Scrolls
 d - 3 scrolls of amnesia {unknown}
 h - 7 scrolls of identify
 k - 3 scrolls of enchant weapon {unknown}
 l - 3 scrolls of teleportation {unknown}
 z - 2 scrolls of fear {unknown}
Potions
 e - 2 potions of curing {unknown}
 i - a potion of magic {unknown}
 j - a potion of lignification {unknown}
 o - a potion of berserk rage {unknown}
 s - a potion of heal wounds {unknown}
 t - 2 potions of brilliance {unknown}
 v - a potion of ambrosia {unknown}
 A - 3 potions of might {unknown}
Books
 b - a book of Necromancy

   Spells                             Type                      Level
   a - Pain                           Necromancy                   1
   b - Animate Skeleton               Necromancy                   1
   c - Vampiric Draining              Necromancy                   3
   d - Regeneration                   Charms/Necromancy            3
   e - Animate Dead                   Necromancy                   4
   f - Control Undead                 Necromancy                   4
 y - a book of Conjurations

   Spells                             Type                      Level
   a - Magic Dart                     Conjuration                  1
   b - Searing Ray                    Conjuration                  2
   c - Dazzling Spray                 Conjuration/Hexes            3
   d - Fulminant Prism                Conjuration/Hexes            4
   e - Force Lance                    Conjuration/Translocation    4
   f - Iskenderun's Mystic Blast      Conjuration                  4
 C - the Catalogue of Aid
   (You found it on level 5 of the Dungeon)

   Spells                             Type                      Level
   a - Infusion                       Charms                       1
   b - Swiftness                      Charms/Air                   2
   c - Ozocubu's Armour               Charms/Ice                   3
   d - Regeneration                   Charms/Necromancy            3
   e - Spectral Weapon                Hexes/Charms                 3
Comestibles
 c - 4 bread rations
 n - a royal jelly
 F - a meat ration


   Skills:
 - Level 1.5 Fighting
 + Level 3.4 Armour
 - Level 2.1 Dodging
 - Level 2.4 Stealth
 + Level 4.6 Spellcasting
 + Level 9.3 Necromancy
 + Level 3.3 Evocations


You had 12 spell levels left.
You knew the following spells:

 Your Spells              Type           Power        Failure   Level  Hunger
a - Pain                  Necr           ####         1%          1    None
v - Vampiric Draining     Necr           ####......   1%          3    ###....


Dungeon Overview and Level Annotations

Branches:
Dungeon (7/15)
 Temple: D:4-7

Altars:
Ashenzari
Cheibriados
Dithmenos
Elyvilon
Kikubaaqudgha
Yredelemnul


Innate Abilities, Weirdness & Mutations

You are resistant to damage.
You can heal yourself by infusing magical energy.
You passively map a small area around you.
You do not regenerate.


Message History

A centaur opens the door.
It is wielding a shortbow. 2 orcs come into view.
The orc shouts!
The centaur unwields an uncursed shortbow.
The centaur barely misses you.
Found a giant club. 2 orcs and an electric eel come into view.
There is an open door here.
Casting: Vampiric Draining
Confirm with . or Enter, or press ? or * to list all spells.
Aiming: Vampiric Draining
Press: ? - help, Shift-Dir - straight line, f - centaur
Aim: a centaur The centaur is moderately wounded.
You feel life coursing into your body.
The orc shouts!
The centaur barely misses you.
The electric eel shoots out a bolt of lightning at you!
The bolt of electricity hits you!
You die...

..# ..#. , * ..#*
*########.. , *
###≈ ;≈≈≈≈≈≈#.. ,
. * ...)..≈#.., ,
* * # *≈, ,,
......≈#.#+#####*
... , ≈,
......≈#.......#
#..#### ,
.!.Z..≈#.......#
#..#<.. *
......≈#.......#
#..#..#
#...o.c@.(..[..#
#..#..#
oo....≈##......#
#..#..# o....)≈
#####'####..#..#
, ......≈*
#.##....#..#
......≈
#..#.#.#####
.?....≈
##.#.#.##... ≈ ≈
≈≈≈≈≈≈≈
#...#.##.##
#######
##..#.##.#
#.......#


You could see a centaur, an electric eel, 4 orcs and an adder skeleton.

Vanquished Creatures
  Sigmund (D:6)
  A sky beast (D:6)
  An ogre (D:6)
  A bullfrog (D:6)
  A wyvern zombie (D:6)
  3 scorpions
  A howler monkey (D:4)
  8 orc priests
  A bullfrog zombie (D:5)
  A hound (D:4)
  2 iguanas
  3 orc wizards (D:4)
  7 worker ants
  5 adders
  3 gnolls (D:4)
  A shadow imp (D:5)
  A dart slug (D:1)
  3 leopard geckos
  23 orcs
  A bat (D:2)
  4 giant cockroaches
  2 hobgoblins
  6 jackals
  5 quokkas
  A ball python (D:6)
  3 frilled lizards
  2 goblins (D:3)
  2 jackal skeletons
  4 kobolds
  2 rats (D:1)
99 creatures vanquished.

Notes
Turn   | Place    | Note
-------+----------+-------------------------------------------
     0 | D:1      | letownia2 the Deep Dwarf Necromancer began the quest for the Orb.
     0 | D:1      | Reached XP level 1. HP: 15/15 MP: 3/3
   246 | D:2      | Reached XP level 2. HP: 17/22 MP: 3/5
   459 | D:3      | Reached skill level 5 in Necromancy
   478 | D:3      | Reached XP level 3. HP: 21/28 MP: 1/6
   512 | D:3      | Learned a level 3 spell: Vampiric Draining
   682 | D:4      | Reached skill level 6 in Necromancy
   682 | D:4      | Reached XP level 4. HP: 24/36 MP: 1/7
   945 | D:4      | Reached skill level 7 in Necromancy
   945 | D:4      | Reached XP level 5. HP: 34/42 MP: 0/8
  1372 | D:4      | Reached XP level 6. HP: 25/49 MP: 1/9
  1859 | D:4      | Reached skill level 8 in Necromancy
  2073 | D:4      | Reached XP level 7. HP: 41/55 MP: 5/12
  2106 | D:4      | Found a shadowy altar of Dithmenos.
  2106 | D:4      | Found a shattered altar of Ashenzari.
  2154 | D:4      | Found a basalt altar of Yredelemnul.
  2157 | D:4      | Found a white marble altar of Elyvilon.
  2352 | D:4      | Reached skill level 1 in Armour
  2370 | D:4      | Reached skill level 1 in Fighting
  2526 | D:5      | Entered Level 5 of the Dungeon
  2996 | D:5      | Identified the Catalogue of Aid
  3549 | D:6      | Got a translucent mace
  3550 | D:6      | Identified the +8 mace of Karma {crush, rC+ rN+ Dex+9 Stlth-} (You found it on level 6 of the Dungeon)
  3658 | D:6      | Noticed Sigmund
  3662 | D:6      | Killed Sigmund
  3662 | D:6      | Reached skill level 9 in Necromancy
  3662 | D:6      | Reached skill level 1 in Evocations
  3662 | D:6      | Reached XP level 8. HP: 49/64 MP: 12/14
  4094 | D:6      | Found a snail-covered altar of Cheibriados.
  4198 | D:6      | Found an ancient bone altar of Kikubaaqudgha.
  4261 | D:6      | HP: 2/64 [wyvern zombie (11)]
  4409 | D:7      | Got a brightly glowing ring mail
  4420 | D:7      | Identified the +1 ring mail of Defiance {rPois MR+ Str+3 Int-2} (You found it on level 7 of the Dungeon)
  4440 | D:7      | Killed from afar by an electric eel

Skill      XL: |  1  2  3  4  5  6  7  8 |
---------------+-------------------------+-----
Spellcasting   | 2 3 4 |  4.6
Necromancy     | 5 6 7 8 9 |  9.3
Armour         | 2 3 |  3.4
Fighting       | 1 |  1.5
Evocations     | 1 3 |  3.3
Dodging        | |  2.1
Stealth        | |  2.4

Action                   |  1- 3 |  4- 6 |  7- 9 || total
-------------------------+-------+-------+-------++-------
Melee: Unarmed           |     1 |       |       ||     1
       Dagger            |     4 |    16 |    34 ||    54
       Mace              |       |       |    39 ||    39
Throw: Javelin           |     3 |    15 |    10 ||    28
       Throwing net      |       |     1 |       ||     1
 Cast: Pain              |    41 |    60 |    36 ||   137
       Vampiric Draining |       |    18 |    37 ||    55
Evoke: Wand              |       |       |     1 ||     1
  Use: Scroll            |       |       |     1 ||     1
 Stab: Sleeping          |     1 |       |       ||     1
       Held in net/web   |       |     1 |       ||     1
  Eat: Chunk             |       |     7 |    10 ||    17
Armor: Robe              |     2 |     2 |       ||     4
       Leather armour    |       |     7 |       ||     7
       Ring mail         |       |     6 |    16 ||    22
       Scale mail        |       |       |    18 ||    18
Dodge: Dodged            |    15 |    40 |    60 ||   115
       Deflected         |       |     2 |     2 ||     4
